cohdb
Replays
Latest Replays
All Replays
Popular Replays
Top Player Replays
Match Explorer
How It Works
Community
CoH3 Stats
Reddit
Sign in to upload your games and track your stats! →
Sign in with Steam
Match 41637968
Unlisted
Match 41637968
Overview
Messages
Build Orders
End
Kettenkrad Recon Vehicle
Construct Infanterie Kompanie
Grenadier Squad
Grenadier Squad
Grenadier Squad
Construct Luftwaffe Kompanie
Selects Breakthrough Battlegroup
Selects Rapid Production
221 Scout Car
Flak 30 Anti-aircraft Gun Team
Selects Assault Grenadiers
Selects Breakthrough
Breakthrough
Jäger Squad
Luftwaffe Officer Quarters
Jäger Squad
Support Elements
Medical Bunker
Wirbelwind Flakpanzer
Selects Mechanized Assault Group
Medical Station
Breakthrough
Mechanized Assault Group
Selects Blitzkrieg
Breakthrough
Mechanized Assault Group
Breakthrough
Wirbelwind Flakpanzer
Breakthrough
Selects Tiger Heavy Tank
Tiger Heavy Tank
Breakthrough
Pioneer Squad
Marder III M Tank Destroyer
Breakthrough
HulkSMASH
nub
0
0
Comments
sign in to comment!
No comments posted yet!